[Event "*** Titled Tuesday Blitz"]
[Site "Chess.com"]
[Date "2020.12.01"]
[Round "2"]
[White "Faqade"]
[Black "Rap_woyska"]
[Result "1-0"]
[WhiteElo "2682"]
[BlackElo "2459"]
[TimeControl "180+1"]
[EndTime "10:16:20 PST"]
[Termination "Faqade won by resignation"]

1. e4 e6 2. d4 d5 3. Nd2 Be7 4. Ngf3 Nf6 5. Bd3 c5 6. dxc5 dxe4 7. Nxe4 Nxe4 8. Bxe4 Qxd1+ 9. Kxd1 Bxc5 10. Ke2 Nd7 11. Rd1 Nf6 12. Bd3 b6 13. Bb5+ Bd7 14. Rxd7 Nxd7 15. Ne5 Rd8 16. Be3 Bxe3 17. Kxe3 Ke7 18. Nc6+ Kf6 19. Rd1 a6 20. Nxd8 Nb8 21. Ba4 b5 22. Bb3 Ke7 23. Nb7 a5 24. Nxa5 1-0

[Event "*** Titled Tuesday Blitz"]
[Site "Chess.com"]
[Date "2020.12.01"]
[Round "2"]
[White "juancruzarias"]
[Black "GMSrinath"]
[Result "0-1"]
[WhiteElo "2530"]
[BlackElo "2834"]
[TimeControl "180+1"]
[EndTime "10:16:21 PST"]
[Termination "GMSrinath won by resignation"]

1. d4 Nf6 2. Nf3 d5 3. e3 c5 4.
c3 Nc6 5. Nbd2 Bf5 6. dxc5 e5 7. b4 e4 8. Nd4 Bg6 9. Bb5 Rc8 10. Qa4 Qd7 11. Bb2 Be7 12. c4 O-O 13. cxd5 Nxd5 14. a3 Bf6 15. Bxc6 bxc6 16. O-O h5 17. b5 cxb5 18.
Qb3 Rxc5 19. Rac1 Rfc8 20. Rxc5 Rxc5 21. h3 h4 22. Rd1 Bh5 23. Nxe4 Bxd1 24. Nxc5 Bxb3 25.
Nxd7 Bc4 26. Nxf6+ Nxf6 27. f3 Nd5 28. Kf2 a5 29. Nc6 a4 30. Be5 f6 31. Bd6 Nc3 32. Bc5 Kf7 33. Nd4 Nd1+ 34. Kg1 g5 35. e4 Nb2 36. Kf2 Nd3+ 0-1

[Event "*** Titled Tuesday Blitz"]
[Site "Chess.com"]
[Date "2020.12.01"]
[Round "2"]
[White "banane_verte"]
[Black "tdf98pantani"]
[Result "1-0"]
[WhiteElo "2487"]
[BlackElo "2686"]
[TimeControl "180+1"]
[EndTime "10:16:21 PST"]
[Termination "banane_verte won by resignation"]

1. e4 c6 2. d4 d5 3. Nc3 dxe4 4. Nxe4 Bf5 5. Ng3 Bg6 6. h4 h6 7. Nf3 Nd7 8. h5 Bh7 9. Bd3 Bxd3 10. Qxd3 e6 11. Bf4 Qa5+ 12. Bd2 Bb4 13. c3 Be7 14. Ne4 Ngf6 15. c4 Qc7 16. O-O-O Nxe4 17. Qxe4 Nf6 18. Qe2 Ng4 19. Ne5 Nxe5 20. dxe5 O-O-O 21. Bc3 Bg5+ 22. Kb1 Rxd1+ 23. Rxd1 Rd8 24. g3 Rxd1+ 25. Qxd1 Qb6 26. Qd4 Qxd4 27. Bxd4 a6 28. Kc2 b5 29. cxb5 cxb5 30. Kd3 Kd7 31. Bc5 g6 32. f4 Bd8 33.
g4 gxh5 34. gxh5 Be7 35. Bxe7 Kxe7 36. Kd4 Kd7 37. Kc5 Kc7 38. b4 1-0

[Event "*** Titled Tuesday Blitz"]
[Site "Chess.com"]
[Date "2020.12.01"]
[Round "2"]
[White "ondoko"]
[Black "Nemsko"]
[Result "0-1"]
[WhiteElo "2101"]
[BlackElo "2385"]
[TimeControl "180+1"]
[EndTime "10:16:21 PST"]
[Termination "Nemsko won by resignation"]

1. e4 e5 2. Nf3 Nc6 3. d4 exd4 4.
Nxd4 Nf6 5. Nxc6 bxc6 6. e5 Nd5 7.
Qe2 Qe7 8. c4 Ba6 9. b3 Nb6 10.
Bb2 d6 11. exd6 Qxe2+ 12. Bxe2 cxd6 13. O-O O-O-O 14. Rd1 f6 15. Bf3 Bb7 16. Nc3 Be7 17.
Ne4 Kb8 18. Ba3 Kc7 19. Re1 Nc8 20. Ng3 g6 21. Re6 Rde8 22. Bb2 Rhf8 23. Rae1 Kd7 24. h4 Bd8 25. Rxe8 Rxe8 26. Rd1 h5 27. Ne4 Ke6 28. g3 Be7 29. Bg2 Kf7 30. Ba3 Rd8 31. Nc3 d5 32. cxd5 Bxa3 33. dxc6 Rxd1+ 34. Nxd1 Ba6 0-1

[Event "*** Titled Tuesday Blitz"]
[Site "Chess.com"]
[Date "2020.12.01"]
[Round "2"]
[White "arjwezhrtdrz"]
[Black "Abdimalik_Abdisalimov"]
[Result "0-1"]
[WhiteElo "2321"]
[BlackElo "2732"]
[TimeControl "180+1"]
[EndTime "10:16:23 PST"]
[Termination "Abdimalik_Abdisalimov won by resignation"]

1. e4 e5 2. Nf3 Nc6 3. Nc3 Nf6 4. Bb5 Bb4 5. O-O O-O 6. d3 d6 7. Bg5 Bxc3 8. bxc3 Ne7 9. Nh4 Ng6 10. Nxg6 hxg6 11. Bc4 Qe8 12. Bxf6 gxf6 13. f4 b5 14. Bb3 a5 15. a3 exf4 16. Rxf4 a4 17. Ba2 Qe5 18. Qd2 Be6 19. d4 Qg5 20. h4 Qh5 21. Qf2 Bxa2 22.
Rxa2 Qd1+ 23. Kh2 Qb1 24. Rxf6 Qxa2 25. h5 Kg7 26. h6+ Kxh6 27. Rf3 Kg7 0-1

[Event "*** Titled Tuesday Blitz"]
[Site "Chess.com"]
[Date "2020.12.01"]
[Round "2"]
[White "DinaBelenkaya"]
[Black "theredking89"]
[Result "0-1"]
[WhiteElo "2389"]
[BlackElo "2653"]
[TimeControl "180+1"]
[EndTime "10:16:24 PST"]
[Termination "theredking89 won by resignation"]

1. e4 c5 2. Nc3 e6 3. g3 Nc6 4.
Bg2 Nf6 5. Nge2 Qc7 6. O-O a6 7. d4 cxd4 8. Nxd4 Nxd4 9. Qxd4 Bc5 10. Qd3 d6 11. Bg5 Nd7 12. Rad1 Ne5 13. Qe2 O-O 14.
Bf4 b5 15. a3 Bb7 16. Kh1 Rac8 17. a4 b4 18. Nb1 a5 19. Nd2 Qc6 20. Bxe5 dxe5 21.
b3 Ba6 22. Nc4 Bd4 23. f4 Bxc4 24. Qxc4 Qxc4 25. bxc4 Rxc4 26. Rd2 Rfc8 27. fxe5 Bxe5 28. Rfd1 g6 29. Rd8+ Kg7 30. Rxc8 Rxc8 31. Rd2 b3 32. c4 b2 33. Rd1 Rxc4 34. Bf3 Rc1 0-1

[Event "*** Titled Tuesday Blitz"]
[Site "Chess.com"]
[Date "2020.12.01"]
[Round "2"]
[White "Susal_De_Silva"]
[Black "Pogosian_Manvel"]
[Result "1-0"]
[WhiteElo "2645"]
[BlackElo "2378"]
[TimeControl "180+1"]
[EndTime "10:16:24 PST"]
[Termination "Susal_De_Silva won by resignation"]

1. e4 c6 2. d4 d5 3. Nc3 dxe4 4. Nxe4 Bf5 5. Ng3 Bg6 6. h4 h6 7. Nf3 Nd7 8. h5 Bh7 9. Bd3 Bxd3 10. Qxd3 e6 11. Bd2 Ngf6 12. O-O-O Be7 13. Kb1 Qc7 14. Ne4 Nxe4 15. Qxe4 Nf6 16. Qe2 O-O 17. g4 Nxg4 18. Rhg1 f5 19. Qxe6+ Kh8 20. Ne5 Nxe5 21. dxe5 Rae8 22.
Qg6 Bc5 23. Bc3 Bxf2 24. Rg2 Be3 25. e6 Bg5 26. Rxg5 hxg5 27. h6 Re7 28. hxg7+ Rxg7 29. Rd7 1-0

[Event "*** Titled Tuesday Blitz"]
[Site "Chess.com"]
[Date "2020.12.01"]
[Round "2"]
[White "Thjop"]
[Black "Grammnik"]
[Result "1-0"]
[WhiteElo "2624"]
[BlackElo "2301"]
[TimeControl "180+1"]
[EndTime "10:16:24 PST"]
[Termination "Thjop won by resignation"]

1. e4 e6 2. d4 d5 3. Nd2 c5 4. Ngf3 Nc6 5. Bb5 Nf6 6. exd5 exd5 7. O-O a6 8. Bxc6+ bxc6 9. Re1+ Be7 10. dxc5 O-O 11.
Nb3 Ne4 12. Be3 a5 13. a4 Bg4 14. h3 Bh5 15. g4 Bg6 16. Nfd4 Qd7 17. f3 Nxc5 18.
Nxc5 Bxc5 19. Nf5 Bxe3+ 20. Nxe3 f5 21. Qd4 fxg4 22. fxg4 Rf3 23. Rf1 Rxh3 24. Kg2 Rxe3 25. Qxe3 Bxc2 26. Kg3 Re8 27. Qf4 h6 28. Rae1 Rxe1 29.
Qf8+ Kh7 30. Rxe1 d4 31. Re7 Qd6+ 32. Kh3 Qg6 33. Re8 Qd3+ 34. Kh2 Qd2+ 35. Kg3 Bb3 36. Qf5+ g6 37. Qd7+ 1-0

[Event "*** Titled Tuesday Blitz"]
[Site "Chess.com"]
[Date "2020.12.01"]
[Round "2"]
[White "bazar-wokzal"]
[Black "PSvidler"]
[Result "0-1"]
[WhiteElo "2542"]
[BlackElo "2858"]
[TimeControl "180+1"]
[EndTime "10:16:25 PST"]
[Termination "PSvidler won on time"]

1. e4 c6 2. d4 d5 3. e5 Bf5 4. Nc3 e6 5. g4 Bg6 6. Nge2 Bb4 7. Bg2 Ne7 8. Be3 c5 9. O-O h5 10. h3 hxg4 11. hxg4 cxd4 12. Nxd4 a6 13. f4 Bxc3 14.
bxc3 Be4 15. f5 Qd7 16. Qe2 Nbc6 17. fxe6 fxe6 18. Bf4 Bxg2 19. Kxg2 Ng6 20. Bg3 Rc8 21.
Rae1 Nxd4 22. cxd4 Qa4 23. Qd3 Qxc2+ 24. Qxc2 Rxc2+ 25.
Rf2 Rxf2+ 26. Kxf2 Kd7 27. Rb1 b5 28. a4 Rb8 29.
axb5 axb5 30. Ra1 Rb7 31. Ke3 b4 32. Be1 Ne7 33. Ra8 b3 34. Ra1 b2 35. Rb1 Rb3+ 36. Kd2 Nc6 37. Bf2 Na5 38. Kc2 Rf3 0-1

[Event "*** Titled Tuesday Blitz"]
[Site "Chess.com"]
[Date "2020.12.01"]
[Round "2"]
[White "chess94cu"]
[Black "Onischuk_V"]
[Result "1-0"]
[WhiteElo "2554"]
[BlackElo "2833"]
[TimeControl "180+1"]
[EndTime "10:16:25 PST"]
[Termination "chess94cu won on time"]

1. d4 d6 2. e4 Nf6 3. Nc3 g6 4. f4 Bg7 5. Nf3 O-O 6. Bd3 Na6 7.
O-O c5 8. d5 Bg4 9. Bc4 Nc7 10.
h3 Bxf3 11. Qxf3 a6 12. a4 b6 13. Qd3 Qc8 14. e5 dxe5 15. fxe5 Nd7 16. e6 fxe6 17. Rxf8+ Qxf8 18. dxe6 Ne5 19. Qe4 Nxc4 20. Qxc4 Bd4+ 21. Kh1 Qf5 22. Bh6 1-0

[Event "*** Titled Tuesday Blitz"]
[Site "Chess.com"]
[Date "2020.12.01"]
[Round "2"]
[White "esrosenberg"]
[Black "anasta10"]
[Result "0-1"]
[WhiteElo "2211"]
[BlackElo "2426"]
[TimeControl "180+1"]
[EndTime "10:16:25 PST"]
[Termination "anasta10 won by resignation"]

1. Nf3 Nf6 2. c4 g6 3. Nc3 Bg7 4. e4 d6 5. d4 O-O 6. h3 c5 7.
d5 Na6 8. Bd3 Nc7 9. Qe2 e6 10.
O-O exd5 11. exd5 Re8 12. Qc2 a6 13. a4 b6 14. Bg5 Bd7 15. Rae1 Rb8 16. Nh2 b5 17.
axb5 axb5 18. b3 h6 19. Bf4 Rxe1 20. Rxe1 Be8 21. Ne4 Nxe4 22. Rxe4 bxc4 23. bxc4 Na6 24. Qe2 Nb4 25. Bb1 Ba4 26. Re7 Nxd5 27. cxd5 Rxb1+ 28.
Nf1 Bb5 29. Qe4 Rxf1+ 30. Kh2 Rxf2 31. Bg3 Re2 32. Qxe2 Bxe2 33. Rxe2 c4 34. Ra2 c3 35. Ra6 c2 36. Rc6 Be5 37. Rxc2 Bxg3+ 38. Kxg3 Qg5+ 39. Kh2 Qe5+ 40. Kh1 Qxd5 41. Rf2 Kg7 42. Kh2 Qe5+ 43. Kh1 d5 44. Rf1 d4 45. h4 d3 46. Rf3 d2 0-1

[Event "*** Titled Tuesday Blitz"]
[Site "Chess.com"]
[Date "2020.12.01"]
[Round "2"]
[White "underdogchss"]
[Black "Ariadna_Atreides"]
[Result "1-0"]
[WhiteElo "2371"]
[BlackElo "2075"]
[TimeControl "180+1"]
[EndTime "10:16:26 PST"]
[Termination "underdogchss won by resignation"]

1. d4 Nf6 2. Nf3 d5 3. c4 e6 4.
Nc3 Bb4 5. Bg5 h6 6. Bxf6 Qxf6 7. e3 O-O 8. Qb3 Bxc3+ 9. Qxc3 c5 10. cxd5 cxd4 11.
Qxd4 Qxd4 12. Nxd4 exd5 13. Rc1 Be6 14. Bb5 a6 15. Ba4 b5 16. Bb3 Nd7 17. Bd1 Rac8 18. Rxc8 Rxc8 19. Kd2 Ne5 20. b3 Kf8 21. Be2 Ke7 22. h3 Nd7 23. Ra1 Nc5 24. f3 Kd6 25. h4 f6 26. Rc1 Rc7 27. b4 Nd7 28. Rxc7 Kxc7 29. Nxe6+ Kd6 30. Nxg7 1-0

[Event "*** Titled Tuesday Blitz"]
[Site "Chess.com"]
[Date "2020.12.01"]
[Round "2"]
[White "DoHoChess"]
[Black "Chuchofrio1"]
[Result "1-0"]
[WhiteElo "2775"]
[BlackElo "2492"]
[TimeControl "180+1"]
[EndTime "10:16:27 PST"]
[Termination "DoHoChess won by checkmate"]

1. Nf3 f5 2. c4 Nf6 3. Nc3 d6 4. d4 g6 5. Bf4 Bg7 6. e3 O-O 7. c5 Nc6 8. Bc4+ Kh8 9. h4 Qe8 10.
Nb5 Qd8 11. Ng5 a6 12. Nc3 d5 13. Bb3 h6 14. h5 hxg5 15. hxg6+ Kg8 16. Nxd5 Nxd5 17.
Rh8+ Bxh8 18. Qh5 Kg7 19. Bxg5 Rf6 20. Qh7+ Kf8 21. Qxh8# 1-0

[Event "*** Titled Tuesday Blitz"]
[Site "Chess.com"]
[Date "2020.12.01"]
[Round "2"]
[White "AsaHoffmann"]
[Black "ZenBull"]
[Result "0-1"]
[WhiteElo "2379"]
[BlackElo "2167"]
[TimeControl "180+1"]
[EndTime "10:16:27 PST"]
[Termination "ZenBull won by resignation"]

1. d4 Nf6 2. Bg5 d5 3. Nd2 g6 4. e3 Bg7 5. Bd3 O-O 6. f4 c5 7. c3 b6 8. Ngf3 Ba6 9. Bxa6 Nxa6 10. Qe2 Nc7 11. Ne5 Nce8 12. O-O Nd6 13. a3 Rc8 14. Bxf6 Bxf6 15. e4 cxd4 16. cxd4 dxe4 17. Nxe4 Nxe4 18. Qxe4 Qd6 19. Rad1 Rfd8 20. Rfe1 Qd5 21. g3 Qxe4 22. Rxe4 e6 23. Re2 Rd5 24. Kf2 Rcd8 25. Ke3 Bxe5 26.
fxe5 Rxe5+ 27. dxe5 Rxd1 28. Rc2 Rd7 29. g4 h6 30. h4 g5 31. h5 Kg7 32. Ke4 f6 33. Rc8 Rf7 34. exf6+ Kxf6 35. Rg8 Rg7 36. Rxg7 Kxg7 37. Ke5 Kf7 38. a4 a6 39. b4 Ke7 40.
Ke4 Kd6 41. Kd4 e5+ 42. Ke4 Ke6 43. Kd3 Kd5 44. Ke3 e4 45. Ke2 Kd4 46. Kd2 e3+ 47. Ke2 Ke4 48. Ke1 Kf3 49. Kf1 Kxg4 0-1

[Event "*** Titled Tuesday Blitz"]
[Site "Chess.com"]
[Date "2020.12.01"]
[Round "2"]
[White "googlegoom"]
[Black "ENajer77"]
[Result "0-1"]
[WhiteElo "2457"]
[BlackElo "2673"]
[TimeControl "180+1"]
[EndTime "10:16:28 PST"]
[Termination "ENajer77 won on time"]

1. Nf3 d5 2. b3 c5 3. Bb2 Nc6 4. e3 a6 5. Be2 Qc7 6. d4 cxd4 7. Nxd4 Nf6 8. O-O e5 9. Nf3 Bd6 10. g3 Bh3 11. Re1 Rd8 12. Nbd2 O-O 13. a3 h6 14. b4 Rfe8 15. Rc1 Qe7 16. c4 dxc4 17. Bxc4 e4 18. Nd4 Ne5 19. Be2 h5 20. Nc4 h4 21.
Nxe5 Bxe5 22. Qb3 Ng4 23. Nf5 Qf6 24. Bxg4 Bxg4 25. Bxe5 Qxf5 0-1

[Event "*** Titled Tuesday Blitz"]
[Site "Chess.com"]
[Date "2020.12.01"]
[Round "2"]
[White "HackingKid98"]
[Black "Vanina1989"]
[Result "0-1"]
[WhiteElo "2346"]
[BlackElo "2637"]
[TimeControl "180+1"]
[EndTime "10:16:31 PST"]
[Termination "Vanina1989 won on time"]

1. d4 d5 2. c4 c6 3. cxd5 cxd5 4.
Bf4 e6 5. Nc3 Bd6 6. Bxd6 Qxd6 7. e3 Nf6 8. Nb5 Qe7 9. Rc1 Nc6 10. Bd3 O-O 11. Ne2 a6 12. Nbc3 e5 13. dxe5 Qxe5 14. O-O Bg4 15. Qd2 Rad8 16. Nd4 Ne7 17. Na4 Bd7 18. Nc5 Bc8 19. Be2 Nf5 20. Nxf5 Qxf5 21. Nb3 Ne4 22. Qd4 Rd6 23. Nc5 Ng5 24.
Qf4 Qxf4 25. exf4 Ne6 26. Nd3 Bd7 27. g3 Nd4 28. Rfe1 Bf5 29. Ne5 Re8 30. Bd3 Bxd3 31. Nxd3 Nf3+ 32. Kg2 Nxe1+ 33. Nxe1 Rc6 34. Rd1 h6 35. Nf3 Rc2 36. Rxd5 Rxb2 37. Ne5 f6 38.
Nc4 Rxa2 39. Rd7 b5 40. Nd6 Rf8 41. Nf5 Rf7 42. Ne7+ Kh7 0-1

[Event "*** Titled Tuesday Blitz"]
[Site "Chess.com"]
[Date "2020.12.01"]
[Round "2"]
[White "ulkaf961"]
[Black "MomchilPetkov"]
[Result "0-1"]
[WhiteElo "2296"]
[BlackElo "2668"]
[TimeControl "180+1"]
[EndTime "10:16:32 PST"]
[Termination "MomchilPetkov won by resignation"]

1. d4 g6 2. e4 Bg7 3. Nc3 a6 4. a4 d6 5. Be3 Nf6 6. h3 O-O 7. Bd3 Nc6 8. Nge2 Nb4 9. f4 Nxd3+ 10. cxd3 b6 11. O-O Bb7 12. Qd2 e6 13. Rac1 c5 14. Nd1 c4 15. Nf2 cxd3 16. Qxd3 a5 17. Nc3 Ba6 18.
Nb5 Qd7 19. Rfd1 d5 20. e5 Ne4 21. Nxe4 dxe4 22. Qxe4 Bxb5 23. axb5 Qxb5 24. d5 exd5 25. Qxd5 Qxb2 26. Rb1 Qe2 27. Re1 Qc2 28. Bxb6 a4 29.
Rec1 Qf5 30. Ra1 Qxf4 31. Bd4 Rfd8 0-1

[Event "*** Titled Tuesday Blitz"]
[Site "Chess.com"]
[Date "2020.12.01"]
[Round "2"]
[White "misterlamine"]
[Black "vanea_03"]
[Result "0-1"]
[WhiteElo "2320"]
[BlackElo "2720"]
[TimeControl "180+1"]
[EndTime "10:16:32 PST"]
[Termination "vanea_03 won by resignation"]

1. d4 Nf6 2. c4 e6 3. Nf3 d5 4.
Nc3 a6 5. Bg5 dxc4 6. a4 Nc6 7.
e4 Na5 8. e5 h6 9. Bh4 g5 10.
Nxg5 hxg5 11. Bxg5 Be7 12. exf6 Bxf6 13. Bxf6 Qxf6 14. Be2 Bd7 15. Bf3 O-O-O 16. Ne4 Qe7 17. Nc5 Bc6 18. Bxc6 Nxc6 19. Qf3 Rxd4 20. b4 Qg5 21. O-O Rf4 22. Qd1 Rg4 23. Qf3 Rf4 24. Qd1 Rd8 25. Qc1 Nxb4 26. a5 Rdd4 27. Rb1 Qxc5 28.
Qb2 c3 29. Qe2 c2 0-1

[Event "*** Titled Tuesday Blitz"]
[Site "Chess.com"]
[Date "2020.12.01"]
[Round "2"]
[White "oezs95"]
[Black "GoltsevDmitry2000"]
[Result "0-1"]
[WhiteElo "2308"]
[BlackElo "2635"]
[TimeControl "180+1"]
[EndTime "10:16:33 PST"]
[Termination "GoltsevDmitry2000 won on time"]

1. e4 c5 2. Nf3 e6 3. d4 cxd4 4.
Nxd4 a6 5. c4 Qc7 6. Nc3 Nf6 7.
Be2 Nc6 8. O-O h5 9. Be3 Ng4 10. Bxg4 hxg4 11. g3 Ne5 12. Bf4 Bc5 13. Nb3 Bd6 14.
Bxe5 Bxe5 15. Rc1 b6 16. Qxg4 Bb7 17. f3 O-O 18. Rf2 Qxc4 19. Nd5 exd5 20. Rxc4 dxc4 21.
Nd2 Bxb2 22. Nxc4 Bd4 23. Qxd7 Bxf2+ 24. Kxf2 Bc8 25. Qc6 Be6 26. Nxb6 Rad8 27. Nc4 Rc8 28. Qxa6 Rxc4 29. Qb7 Rc2+ 30. Ke3 Rxa2 31. f4 Ra3+ 32. Kd4 Rd8+ 33. Ke5 Ra5+ 0-1

[Event "*** Titled Tuesday Blitz"]
[Site "Chess.com"]
[Date "2020.12.01"]
[Round "2"]
[White "Triumphmate"]
[Black "nikitadovbnya2008"]
[Result "1-0"]
[WhiteElo "2407"]
[BlackElo "2162"]
[TimeControl "180+1"]
[EndTime "10:16:35 PST"]
[Termination "Triumphmate won by resignation"]

1. e4 c6 2. Nf3 d5 3. exd5 cxd5 4. d4 Nf6 5. Bd3 Nc6 6. c3 Bg4 7. Be3 e6 8. Nbd2 Bd6 9. O-O O-O 10. Qc2 Bh5 11.
Rae1 Rc8 12. a3 Bg6 13. Bg5 Qc7 14. Qb1 a6 15. Re2 b5 16. Rfe1 Na5 17. Ne5 Nc4 18.
Ndxc4 bxc4 19. Bxg6 hxg6 20. f4 Bxe5 21. fxe5 Ne4 22.
Rxe4 dxe4 23. Qxe4 Rb8 24. Bc1 f5 25. exf6 Rxf6 26. Bg5 Rf5 27. Qxe6+ Qf7 28. Qxf7+ Kxf7 29. Bc1 g5 30. g4 Rd5 31. Kg2 Rb6 32. Re4 Re6 33.
Kf3 g6 34. h3 a5 35. Bd2 Rf6+ 36. Ke2 Rb6 37. Bc1 Re6 38. Ke3 Rd8 39. Rxe6 Kxe6 40.
Ke4 Rd5 41. a4 Kd6 42. b3 cxb3 43. c4 Rc5 44. Ba3 b2 45. dxc5+ Kc6 46. Bxb2 Kxc5 47. Kd3 Kb4 48. Bc3+ Kxa4 49. Kd4 1-0

[Event "*** Titled Tuesday Blitz"]
[Site "Chess.com"]
[Date "2020.12.01"]
[Round "2"]
[White "AradNazari"]
[Black "VladimirBugayev"]
[Result "0-1"]
[WhiteElo "2453"]
[BlackElo "2296"]
[TimeControl "180+1"]
[EndTime "10:16:37 PST"]
[Termination "VladimirBugayev won by resignation"]

1. d4 Nf6 2. Nf3 g6 3. c4 c5 4. d5 b5 5. cxb5 a6 6. bxa6 Bxa6 7. Nc3 d6 8. g3 Bg7 9. e4 O-O 10. Bxa6 Nxa6 11. Kf1 Qa5 12. Kg2 Rfb8 13. Re1 Nd7 14. Qc2 Nb4 15. Qe2 Qa6 16. Qxa6 Rxa6 17. Re2 Nd3 18. Ne1 N7e5 19. f4 Nxe1+ 20. Rxe1 Nd3 21.
Re2 Rb4 22. Kf3 Rab6 23. a3 Rb3 24. Rc2 Nxb2 25. Bd2 Nc4 26. Be1 Nxa3 27. Rca2 Bxc3 28.
Rxa3 Bxa1+ 29. Rxb3 Rxb3+ 30. Kg4 c4 0-1

[Event "*** Titled Tuesday Blitz"]
[Site "Chess.com"]
[Date "2020.12.01"]
[Round "2"]
[White "TV27"]
[Black "emiliochess"]
[Result "0-1"]
[WhiteElo "2025"]
[BlackElo "2357"]
[TimeControl "180+1"]
[EndTime "10:16:37 PST"]
[Termination "emiliochess won on time"]

1. d4 d5 2. Nf3 Bf5 3. e3 e6 4. Bd3 Bg6 5. O-O Bd6 6. c4 c6 7. b3 Nf6 8. Bb2 Nbd7 9. Ne5 Ne4 10. f3 Nef6 11. e4 dxe4 12. fxe4 Nxe5 13. dxe5 Bc5+ 14. Kh1 Nxe4 15. Bxe4 Bxe4 16. Qg4 Bg6 17. Nc3 O-O 18. Rad1 Qe7 19. Ne4 Bxe4 20. Qxe4 Rad8 21. Rxd8 Rxd8 22. h3 Qg5 23. Qf3 Qg6 24. Bc3 Rd3 25. Rd1 Rxf3 26. Rd8+ Bf8 27. Bb4 Rf1+ 0-1

[Event "*** Titled Tuesday Blitz"]
[Site "Chess.com"]
[Date "2020.12.01"]
[Round "2"]
[White "youngKID"]
[Black "Artyom_ChessMate"]
[Result "1-0"]
[WhiteElo "2845"]
[BlackElo "2534"]
[TimeControl "180+1"]
[EndTime "10:16:38 PST"]
[Termination "youngKID won by resignation"]

1. e4 c5 2. Nf3 d6 3. d4 cxd4 4. Nxd4 Nf6 5. Nc3 g6 6. Be3 Bg7 7. Be2 O-O 8. Qd2 Ng4 9. Bxg4 Bxg4 10. f3 Be6 11. Bh6 Nc6 12. Bxg7 Kxg7 13. h4 Qb6 14. Nxc6 bxc6 15. h5 Kg8 16. Qh6 Qxb2 17. Kd2 g5 18. Qxg5+ Kh8 19. Qxe7 h6 20. Qf6+ Kh7 21. Rab1 Qa3 22. Rb7 Rab8 23. Qg6+ Kh8 24. Qxh6+ Kg8 25. Qg5+ Kh8 26. Qf6+ Kh7 27. Rhb1 Rxb7 28. Rxb7 Qa6 29.
Re7 Qc4 30. g4 Rg8 31. g5 1-0

[Event "*** Titled Tuesday Blitz"]
[Site "Chess.com"]
[Date "2020.12.01"]
[Round "2"]
[White "Durarbayli"]
[Black "Atousa1"]
[Result "1-0"]
[WhiteElo "2760"]
[BlackElo "2485"]
[TimeControl "180+1"]
[EndTime "10:16:38 PST"]
[Termination "Durarbayli won by resignation"]

1. e4 e5 2. Nc3 Nf6 3. Bc4 Bb4 4. d3 Nc6 5. Ne2 O-O 6. O-O h6 7. a3 Ba5 8. f4 d6 9. f5 Nd4 10. Nxd4 Bb6 11. Nd5 Bxd4+ 12. Kh1 Nxd5 13. Bxd5 c6 14. Bb3 Qf6 15. Qh5 Rd8 16. g4 g5 17.
h4 gxh4 18. Bxh6 d5 19. Bg5 Qd6 20. Qxh4 f6 21. Bxf6 Rd7 22. Qh8+ Kf7 23. g5 1-0

[Event "*** Titled Tuesday Blitz"]
[Site "Chess.com"]
[Date "2020.12.01"]
[Round "2"]
[White "RobPeresian"]
[Black "joejan"]
[Result "0-1"]
[WhiteElo "2431"]
[BlackElo "2269"]
[TimeControl "180+1"]
[EndTime "10:16:38 PST"]
[Termination "joejan won by resignation"]

1. Nf3 d5 2. d4 Nf6 3. c4 e6 4. Nc3 c5 5. cxd5 cxd4 6. Qxd4 exd5 7. e4 Nc6 8. Bb5 dxe4 9. Qxd8+ Kxd8 10. Ng5 Ne5 11.
Ngxe4 Nxe4 12. Nxe4 Bb4+ 13. Ke2 a6 14. Rd1+ Ke7 15.
Ba4 Be6 16. Bf4 Bc4+ 17. Ke3 Nc6 18. Bxc6 bxc6 19. Bd6+ Bxd6 20. Nxd6 Bd5 21. Nf5+ Kf6 22. Nh4 Rhe8+ 23. Kd2 Rad8 24. Kc3 Re2 25. Rf1 Be4 26. Rac1 Rd3+ 27. Kc4 Rdd2 28. Rfe1 Bd5+ 29. Kc5 Rxb2 30. Nf3 Rbc2+ 31. Kd6 Rxa2 32. Nd4 Rxe1 33. Rxe1 Rxf2 34. g3 Rxh2 35. Rf1+ Kg6 36. Nf5 f6 37. Ne7+ Kf7 38. Nxd5 cxd5 39. Kxd5 Ra2 40. g4 Kg6 0-1

[Event "*** Titled Tuesday Blitz"]
[Site "Chess.com"]
[Date "2020.12.01"]
[Round "2"]
[White "CalinGheorghiu"]
[Black "fish7728"]
[Result "1-0"]
[WhiteElo "2396"]
[BlackElo "2150"]
[TimeControl "180+1"]
[EndTime "10:16:38 PST"]
[Termination "CalinGheorghiu won by resignation"]

1. e4 c5 2. Nf3 e6 3. g3 b6 4. Bg2 Bb7 5. d3 Qc7 6. O-O Nf6 7. a4 d5 8. e5 Nfd7 9. Re1 Nc6 10. Bf4 h6 11. h4 Be7 12. c3 O-O-O 13.
d4 c4 14. h5 g5 15. hxg6 fxg6 16. Bh3 g5 17. Be3 Nf8 18. b3 cxb3 19. Qxb3 Na5 20. Qd1 Kb8 21. Nfd2 h5 22. Na3 a6 23. c4 g4 24. Bg2 h4 25. cxd5 Bxd5 26. Bxd5 exd5 27.
Qxg4 hxg3 28. fxg3 Qd7 29. e6 Qe8 30. Bf4+ Ka7 31. Rec1 Rc8 32. Rxc8 Qxc8 33. Nf3 Bxa3 34. Qg7+ Be7 35. Qxe7+ Ka8 36. Rc1 Qxe6 37. Qd8+ 1-0

[Event "*** Titled Tuesday Blitz"]
[Site "Chess.com"]
[Date "2020.12.01"]
[Round "2"]
[White "JiiHart"]
[Black "Godzillator"]
[Result "1-0"]
[WhiteElo "2104"]
[BlackElo "2359"]
[TimeControl "180+1"]
[EndTime "10:16:38 PST"]
[Termination "JiiHart won by resignation"]

1. e4 c6 2. d4 d5 3. Nd2 dxe4 4. Nxe4 Bf5 5. Ng3 Bg6 6. h4 h6 7. N1e2 Nf6 8. Nf4 Bh7 9. Bc4 e6 10. Ngh5 Nbd7 11. Qe2 Nxh5 12. Nxh5 Nf6 13. Nxf6+ Qxf6 14. Be3 Bb4+ 15. c3 Bd6 16. Bd3 Bxd3 17. Qxd3 O-O-O 18. O-O-O Rhe8 19. g4 Bf4 20. Qe4 Bxe3+ 21. fxe3 Rd5 22. Rdf1 Qe7 23. Qf4 f6 24. e4 Rd7 25. g5 fxg5 26.
hxg5 hxg5 27. Qe5 c5 28. Rhg1 cxd4 29. cxd4 Qb4 30. Rf3 Rc7+ 31. Kb1 Qd2 32. Rc3 Rxc3 33. bxc3 b6 34. d5 Qd3+ 35. Kb2 Qb5+ 36. Ka1 exd5 37.
Qf5+ Kb7 38. Rxg5 Qf1+ 39. Qxf1 1-0

[Event "*** Titled Tuesday Blitz"]
[Site "Chess.com"]
[Date "2020.12.01"]
[Round "2"]
[White "AcsinteMatei"]
[Black "Shubinkirill2003"]
[Result "0-1"]
[WhiteElo "2314"]
[BlackElo "2709"]
[TimeControl "180+1"]
[EndTime "10:16:39 PST"]
[Termination "Shubinkirill2003 won by resignation"]

1. e4 e6 2. Qe2 d5 3. exd5 Qxd5 4.
Nc3 Qd8 5. Nf3 Nf6 6. d4 Bb4 7.
g3 O-O 8. Bg2 Nc6 9. Be3 Ne4 10.
Qd3 f5 11. O-O Nxc3 12. bxc3 Be7 13. c4 Bf6 14. Rad1 a5 15. d5 exd5 16. cxd5 Nb4 17. Qb3 Kh8 18. Nd4 Qe7 19. Rfe1 a4 20. Qb1 Na6 21.
Ne6 Bxe6 22. dxe6 Qxe6 23. Bc5 Qc4 24. Bxf8 Rxf8 25. Bd5 Qc3 26. Re3 Qc5 27. Bxb7 Nb4 28.
a3 Nxc2 29. Rc1 Nxa3 30. Rxc5 Nxb1 31. Rb5 a3 32. Rxb1 a2 33. Rd1 a1=Q 34. Rxa1 Bxa1 35.
Re7 c5 36. Rc7 Bd4 37. Kg2 g6 38. Kf3 Re8 39. Kf4 Bxf2 40. Kg5 Be3+ 41. Kf6 Bd4+ 42.
Kf7 Rg8 43. h4 Rg7+ 44. Ke6 Rxc7 0-1

[Event "*** Titled Tuesday Blitz"]
[Site "Chess.com"]
[Date "2020.12.01"]
[Round "2"]
[White "NeverW84M8"]
[Black "RD4ever"]
[Result "0-1"]
[WhiteElo "2531"]
[BlackElo "2838"]
[TimeControl "180+1"]
[EndTime "10:16:41 PST"]
[Termination "RD4ever won by resignation"]

1. d4 Nf6 2. c4 g6 3. Nc3 Bg7 4. e4 d6 5. f3 O-O 6. Be3 a6 7. Qd2 Nbd7 8. Nh3 c5 9. d5 b5 10.
cxb5 Qa5 11. bxa6 Bxa6 12. Bxa6 Qxa6 13. Kf2 Ne5 14. b3 Nd3+ 15. Kg1 Nd7 16. Rd1 Nb4 17. a4 Rfb8 18. Nb5 Rxb5 19. axb5 Qxb5 20. Nf2 Ra2 21. Qc1 Nc2 22. g3 Ne5 23. Kg2 Qe2 24. Rhe1 Qxf3+ 25. Kg1 Nxe1 26. Rxe1 Nd3 0-1